 Dungeon Crawl Stone Soup version 0.21.1-1-g345015fe64 (webtiles) character file.

132 Naru the Chopper (level 4, 0/41 HPs)
             Began as a Minotaur Berserker on June 20, 2018.
             Was a Believer of Trog.
             Slain by an iguana (2 damage)
             ... on level 2 of the Dungeon.
             The game lasted 00:02:27 (1416 turns).

Naru the Chopper (Minotaur Berserker)               Turns: 1416, Time: 00:02:28

Health: 0/41       AC:  6    Str: 21    XL:     4   Next: 92%
Magic:  3/3        EV: 10    Int:  4    God:    Trog [**....]
Gold:   63         SH:  0    Dex: 11    Spells: 3/3 levels left

rFire    . . .     SeeInvis .   a - +0 hand axe
rCold    . . .     Gourm    .   (no shield)
rNeg     . . .     Faith    .   b - +0 scale mail (curse)
rPois    .         Spirit   .   (helmet restricted)
rElec    .         Reflect  .   (no cloak)
rCorr    .         Harm     .   (no gloves)
MR       ++...                  (no boots)
Stlth    ..........             (no amulet)
HPRegen  1.13/turn              (no ring)
MPRegen  0.08/turn              (no ring)

@: berserk cooldown, regenerating, slowed, very slow
A: retaliatory headbutt, horns 2
a: Berserk, Trog's Hand, Burn Spellbooks, Renounce Religion


You were on level 2 of the Dungeon.
You worshipped Trog.
Trog was pleased with you.
You were not hungry.

You visited 1 branch of the dungeon, and saw 2 of its levels.

You collected 63 gold pieces.

Inventory:

Hand Weapons
 a - a +0 hand axe (weapon)
Armour
 b - a cursed +0 scale mail (worn)
Scrolls
 f - a scroll of amnesia {unknown}
 h - a scroll of immolation {unknown}
 j - a scroll of noise {unknown}
 k - 2 scrolls of identify {unknown}
Potions
 e - 2 potions of heal wounds {unknown}
 g - 2 potions of mutation {unknown}
 i - a potion of curing {unknown}
Comestibles
 c - 3 rations
 d - 2 chunks of flesh


   Skills:
 * Level 4.9 Fighting
 * Level 5.3 Axes
 + Level 3.3 Armour
 + Level 2.4 Dodging


You had 3 spell levels left.
You didn't know any spells.

Dungeon Overview and Level Annotations

Branches:
Dungeon (2/15)

Altars:
Hepliaklqana
Nemelex Xobeh


Innate Abilities, Weirdness & Mutations

You reflexively headbutt those who attack you in melee.
You have a pair of horns on your head.


Message History

Trog accepts your kill. The iguana bites you!
* * * LOW HITPOINT WARNING * * *
The orc wizard misses you. The iguana closely misses you.
The orc wizard hits you but does no damage.
The iguana completely misses you.
The orc wizard casts a spell.
The orc wizard blinks!
You are too injured to fight recklessly!
Your skin crawls.
You feel resistant to hostile enchantments.
You feel somewhat more hungry. The iguana barely misses you.
You furiously retaliate!
You headbutt the iguana, but do no damage.
The orc wizard mumbles some strange words.
The orc wizard blinks!
The iguana bites you!
* * * LOW HITPOINT WARNING * * *
The iguana bites you.
You die...

#....# #...# ##.....
#######..... ######
.....<. #####.#....
#.....>.... #(.........
##########..........
#####.......#...........
.#<....)....#.†l@.....#
.#.##.....o.).).......#
........(...#.........#
.####.......#..§......#
.# #..(....#.........#
## #.......###########
#.......# #.......#
#########


You could see an iguana and an orc wizard.

Vanquished Creatures
  An orc wizard (D:2)
  4 adders (D:2)
  3 worms (D:2)
  2 dart slugs (D:1)
  2 leopard geckos
  3 orcs (D:2)
  A giant cockroach (D:1)
  3 goblins (D:2)
  10 hobgoblins
  3 jackals (D:2)
  4 kobolds
  A quokka (D:2)
  8 bats
  5 frilled lizards
  7 rats
57 creatures vanquished.

Vanquished Creatures (others)
  4 toadstools (D:1)
4 creatures vanquished.

Grand Total: 61 creatures vanquished

Notes
Turn   | Place    | Note
-------+----------+-------------------------------------------
     0 | D:1      | Naru the Minotaur Berserker began the quest for the Orb.
     0 | D:1      | Reached XP level 1. HP: 19/19 MP: 0/0
    94 | D:1      | Reached XP level 2. HP: 26/27 MP: 1/1
   206 | D:1      | Reached skill level 4 in Axes
   392 | D:1      | Reached ** piety under Trog
   518 | D:1      | Reached XP level 3. HP: 34/34 MP: 2/2
  1035 | D:2      | Found a hazy altar of Hepliaklqana.
  1035 | D:2      | Found a sparkling altar of Nemelex Xobeh.
  1269 | D:2      | Reached XP level 4. HP: 41/41 MP: 3/3
  1386 | D:2      | Reached skill level 5 in Axes
  1416 | D:2      | HP: 2/41 [iguana (8)]
  1416 | D:2      | Slain by an iguana

Skill      XL: |  1  2  3  4 |
---------------+-------------+-----
Fighting       | 4 |  4.9
Axes           | 4 5 |  5.3
Armour         | 3 |  3.3
Dodging        | |  2.4

Action                   |  1- 3 |  4- 6 || total
-------------------------+-------+-------++-------
Melee: Hand axe          |    89 |    27 ||   116
       Headbutt          |    15 |     2 ||    17
Invok: Berserk           |       |     1 ||     1
       Trog's Hand       |       |     1 ||     1
  Eat: Ration            |     1 |       ||     1
Armor: Leather armour    |     1 |       ||     1
       Scale mail        |    29 |    25 ||    54
Dodge: Dodged            |    41 |    24 ||    65
